 Dungeon Crawl Stone Soup version 0.31-a0-214-gb37851dbb3 (webtiles) character file.

Game seed: 14534056067383598547

1589 qw the Skirmisher (level 8, -1/51 HPs)
             Began as a Gargoyle Hexslinger on July 1, 2023.
             Slain by a vampire mosquito (7 damage)
             ... on level 6 of the Dungeon.
             The game lasted 00:02:49 (5328 turns).

qw the Skirmisher (Gargoyle Hexslinger)             Turns: 5328, Time: 00:02:49

Health: -1/51      AC: 15    Str: 12    XL:     8   Next: 92%
Magic:  9/9        EV: 11    Int: 14    God:
Gold:   302        SH:  5    Dex: 20    Spells: 8/9 levels left

rFire   . . .        Y - +1 orcbow
rCold   . . .        (shield currently unavailable)
rNeg    + . .        e - +0 ring mail
rPois   inf          b - +1 hat
rElec   +            (no cloak)
rCorr   .            c - +0 pair of gloves
SInv    .            g - +1 pair of boots
Will    .....        n - amulet of reflection
Stlth   +            j - +6 ring of dexterity
HPRegen 0.28/turn    (no ring)
MPRegen 0.11/turn

%: reflection
@: no status effects
A: sickness immunity, AC +5, negative energy resistance 1, electricity
resistance, torment resistance 1, petrification resistance
a: no special abilities


You were on level 6 of the Dungeon.
You visited 1 branch of the dungeon, and saw 6 of its levels.
You also visited: Sewer.

You collected 302 gold pieces.


Innate Abilities, Weirdness & Mutations

You are immune to sickness and miasma.
Your stone body is resilient. (AC +5)
You are immune to poison.
You resist negative energy. (rN+)
You are resistant to electric shocks. (rElec)
You are resistant to unholy torment.
You are immune to petrification.


   Skills:
 - Level 6.1 Fighting
 + Level 9.0 Ranged Weapons
 - Level 2.1 Armour
 - Level 2.4 Dodging
 - Level 1.0 Spellcasting
 - Level 2.6 Hexes


You had 8 spell levels left.
You knew the following spells:

 Your Spells              Type           Power      Damage    Failure   Level
a - Slow                  Hex            32%        N/A       19%         1

Your spell library contained the following spells:

 Spells                   Type           Power      Damage    Failure   Level
 Inner Flame              Hex/Fire       4%         N/A       69%         3
 Portal Projectile        Hex/Tloc       8%         N/A       69%         3
 Cause Fear               Hex            4%         N/A       88%         4

Inventory:

Hand Weapons
 Y - a +1 orcbow (weapon)
Armour
 b - a +1 hat (worn)
 c - a +0 pair of gloves (worn)
 e - a +0 ring mail (worn)
 g - a +1 pair of boots (worn)
Jewellery
 j - a +6 ring of dexterity (left hand)
 n - an amulet of reflection (around neck)
Scrolls
 a - 2 scrolls of identify
 d - a scroll of amnesia {unknown}
 h - a scroll of torment {unknown}
Potions
 f - a potion of enlightenment
 i - a potion of might
 k - a potion of curing
 m - a potion of resistance

Dungeon Overview and Level Annotations

Branches:
Dungeon (6/15)              Sewer (visited)
 Temple: D:4-7

Altars:
Ashenzari
Nemelex Xobeh
Sif Muna
Trog
The Shining One

Annotations:
D:6 Dowan, Duvessa


Message History

The vampire mosquito closely misses you.
The vampire mosquito bites you.
Your Fighting skill increases to level 6!
You shoot an arrow. The arrow hits the vampire mosquito!
The vampire mosquito is heavily damaged.
The vampire mosquito bites you!
You block the vampire mosquito's attack.
The vampire mosquito bites you but does no damage.
The vampire mosquito completely misses you.
The vampire mosquito bites you but does no damage.
You shoot an arrow.
The arrow hits the vampire mosquito but does no damage.
The vampire mosquito is heavily damaged.
The vampire mosquito bites you.
The vampire mosquito bites you but does no damage.
The vampire mosquito bites you! The vampire mosquito bites you.
You shoot an arrow. The arrow hits the vampire mosquito!
The vampire mosquito is almost destroyed.
The vampire mosquito closely misses you.
The vampire mosquito completely misses you.
The vampire mosquito barely misses you.
The vampire mosquito closely misses you.
You shoot an arrow.
The arrow barely misses the vampire mosquito.
The vampire mosquito closely misses you.
The vampire mosquito bites you but does no damage. x2
The vampire mosquito bites you. x2
You shoot an arrow. The arrow hits the vampire mosquito.
The vampire mosquito is almost destroyed.
You block the vampire mosquito's attack.
The vampire mosquito bites you but does no damage.
You block the vampire mosquito's attack.
The vampire mosquito closely misses you.
You shoot an arrow. The arrow hits the vampire mosquito.
The vampire mosquito is almost destroyed.
The vampire mosquito barely misses you.
The vampire mosquito bites you but does no damage. x3
Dowan gestures wildly while chanting.
Dowan blinks!
The vampire mosquito bites you!
You die...

... .. ..# $)#
#..#### ##o¤.....
###yye%# #..@# ###
#..#.# ....... #.#
.. . #.###
##.###.... .
#...###......... .
#####..#...####...
.........#.#
..##########.#..#
. ...# #...##


You could see Duvessa (fast), 2 vampire mosquitoes and an orc.

Vanquished Creatures
  Eustachio (D:4)
  A vampire mosquito (D:6)
  2 ogres (D:5)
  2 bullfrogs (Sewer)
  2 scorpions
  2 jellies (D:5)
  3 hounds (D:5)
  6 orc priests (D:5)
  A gnoll bouda (D:6)
  Jessica (D:2)
  3 iguanas (D:5)
  A sleepcap (D:5)
  Terence (D:3)
  6 gnolls
  10 adders
  A shadow imp (D:6)
  A white imp (D:5)
  An ufetubus (D:4)
  3 worms (D:4)
  2 dart slugs (D:4)
  26 orcs
  12 ball pythons
  15 endoplasms
  16 giant cockroaches
  10 goblins
  15 hobgoblins
  14 jackals
  15 quokkas
  4 bats
  5 frilled lizards (Sewer)
  11 kobolds
  2 rats (D:2)
195 creatures vanquished.

Notes
Turn   | Place    | Note
-------+----------+-------------------------------------------
     0 | D:1      | qw the Gargoyle Hexslinger began the quest for the Orb.
     0 | D:1      | Reached XP level 1. HP: 12/12 MP: 2/2
     0 | D:1      | 0 ||| qw: Version: 0.3-a-32-g5962c71
     0 | D:1      | 0 ||| qw: Game counter: 7404
     0 | D:1      | 0 ||| qw: Melee chars always use a shield: true
     0 | D:1      | 0 ||| qw: God list: Okawaru
     0 | D:1      | 0 ||| qw: Allow faded altars: false
     0 | D:1      | 0 ||| qw: Do Orc after clearing Dungeon:15 true
     0 | D:1      | 0 ||| qw: Do second Lair branch before Depths: true
     0 | D:1      | 0 ||| qw: Lair rune preference: random
     0 | D:1      | 0 ||| qw: Goals: Normal
     0 | D:1      | 0 ||| PLANNING D:1-11
   210 | D:1      | Reached XP level 2. HP: 15/16 MP: 3/3
   268 | D:1      | Found a faded altar of an unknown god.
   407 | D:1      | Reached skill level 3 in Ranged Weapons
   817 | D:1      | 817 ||| UPGRADING to +0 ring mail.
   827 | D:1      | 827 ||| DROPPING +0 robe.
   828 | D:1      | 828 ||| READING 2 scrolls labelled ZAGINN DIAR.
   829 | D:1      | 829 ||| DROPPING scroll of poison.
  1029 | D:2      | Reached XP level 3. HP: 18/21 MP: 4/4
  1265 | D:2      | Noticed Jessica
  1270 | D:2      | Killed Jessica
  1271 | D:2      | Reached XP level 4. HP: 20/26 MP: 5/5
  1314 | D:2      | Reached skill level 4 in Ranged Weapons
  1389 | D:2      | Identified the +2 falchion "Pecioff" {freeze, Int-2 Dex+6}
  1449 | D:2      | Reached skill level 1 in Armour
  1756 | D:2      | 1756 ||| UPGRADING to +0 pair of gloves.
  1761 | D:2      | 1761 ||| UPGRADING to +6 ring of dexterity.
  1762 | D:2      | 1762 ||| READING scroll labelled CUDO IJUQISHE.
  1763 | D:2      | 1763 ||| READING scroll labelled DOG FEILIQUXA.
  1764 | D:2      | 1764 ||| DRINKING 2 bubbling inky potions.
  1765 | D:2      | 1765 ||| DRINKING 2 purple potions.
  1766 | D:2      | 1766 ||| READING 2 scrolls of identify.
  1766 | D:2      | 1766 ||| IDENTIFYING glowing ruby potion
  1767 | D:2      | 1767 ||| DROPPING potion of lignification.
  1803 | D:3      | Noticed Terence
  1810 | D:3      | Killed Terence
  1811 | D:3      | Reached XP level 5. HP: 30/30 MP: 6/6
  1825 | D:3      | Found a sparkling altar of Nemelex Xobeh.
  1867 | D:3      | 1867 ||| SWAPPING to +0 orcbow.
  1868 | D:3      | 1868 ||| DROPPING +2 sling.
  1879 | D:3      | Identified the +1 whip "Loefiohe" {freeze, *Corrode rF++
                  | rC+ Str+4}
  2013 | D:3      | Found a shimmering blue altar of Sif Muna.
  2014 | D:3      | Found a broken altar of Ashenzari.
  2294 | D:3      | 2294 ||| READING scroll labelled DODOUM HOB.
  2295 | D:3      | 2295 ||| READING 2 scrolls of identify.
  2295 | D:3      | 2295 ||| IDENTIFYING lumpy clear potion
  2296 | D:3      | 2296 ||| DROPPING potion of berserk rage.
  2314 | D:4      | 2314 ||| PLANNING SEWER
  2449 | D:4      | Found a glowing golden altar of the Shining One.
  2475 | D:4      | Found a glowing drain.
  2476 | D:4      | 2476 ||| DRINKING 2 dark potions.
  2479 | D:4      | 2479 ||| Stepping ~*~*~tactically~*~*~ (water).
  2489 | Sewer    | Entered a sewer
  2511 | Sewer    | 2511 ||| Stepping ~*~*~tactically~*~*~ (water).
  2519 | Sewer    | Reached skill level 5 in Ranged Weapons
  2558 | Sewer    | 2558 ||| Stepping ~*~*~tactically~*~*~ (water).
  2575 | Sewer    | 2575 ||| Stepping ~*~*~tactically~*~*~ (water).
  2584 | Sewer    | 2584 ||| Stepping ~*~*~tactically~*~*~ (water).
  2600 | Sewer    | 2600 ||| Stepping ~*~*~tactically~*~*~ (water).
  2639 | Sewer    | 2639 ||| Stepping ~*~*~tactically~*~*~ (water).
  2642 | Sewer    | 2642 ||| Stepping ~*~*~tactically~*~*~ (water).
  2653 | Sewer    | 2653 ||| Stepping ~*~*~tactically~*~*~ (water).
  2677 | Sewer    | 2677 ||| Stepping ~*~*~tactically~*~*~ (water).
  2693 | Sewer    | Reached skill level 3 in Fighting
  2706 | Sewer    | 2706 ||| Stepping ~*~*~tactically~*~*~ (water).
  2709 | Sewer    | 2709 ||| Stepping ~*~*~tactically~*~*~ (water).
  2725 | Sewer    | Reached XP level 6. HP: 37/37 MP: 7/7
  2756 | Sewer    | 2756 ||| Stepping ~*~*~tactically~*~*~ (water).
  2768 | Sewer    | 2768 ||| FLEEEEING.
  2770 | Sewer    | 2770 ||| Stepping ~*~*~tactically~*~*~ (water).
  2792 | Sewer    | Reached skill level 6 in Ranged Weapons
  2893 | Sewer    | 2893 ||| READING scroll of enchant weapon.
  2893 | Sewer    | 2893 ||| ENCHANTING +0 orcbow.
  2898 | Sewer    | 2898 ||| READING scroll labelled QUFUNNOCAMY.
  2929 | D:4      | 2929 ||| PLANNING D:1-11
  3071 | D:4      | Reached XP level 7. HP: 36/43 MP: 8/8
  3507 | D:4      | 3507 ||| UPGRADING to +1 pair of boots.
  3512 | D:4      | 3512 ||| READING scroll labelled GEYN YGRESUO.
  3513 | D:4      | 3513 ||| READING 2 scrolls of identify.
  3513 | D:4      | 3513 ||| IDENTIFYING smoky brown potion
  3514 | D:4      | 3514 ||| DROPPING potion of degeneration.
  3530 | D:5      | Entered Level 5 of the Dungeon
  3572 | D:5      | Noticed Eustachio
  3575 | D:5      | 3575 ||| FLEEEEING.
  3576 | D:5      | 3576 ||| FLEEEEING.
  3577 | D:5      | 3577 ||| FLEEEEING.
  3578 | D:5      | 3578 ||| FLEEEEING.
  3579 | D:5      | 3579 ||| FLEEEEING.
  3580 | D:5      | 3580 ||| FLEEEEING.
  3581 | D:5      | 3581 ||| FLEEEEING.
  3582 | D:5      | 3582 ||| FLEEEEING.
  3583 | D:5      | 3583 ||| FLEEEEING.
  3584 | D:5      | 3584 ||| FLEEEEING.
  3585 | D:5      | 3585 ||| FLEEEEING.
  3587 | D:5      | 3587 ||| FLEEEEING.
  3588 | D:5      | 3588 ||| FLEEEEING.
  3589 | D:5      | 3589 ||| FLEEEEING.
  3590 | D:5      | 3590 ||| STAIRDANCE
  3641 | D:5      | 3641 ||| STAIRDANCE
  3645 | D:4      | Killed Eustachio
  3646 | D:4      | Reached skill level 7 in Ranged Weapons
  4017 | D:5      | Reached XP level 8. HP: 48/48 MP: 9/9
  4032 | D:5      | HP: 6/48 [orc priest/divine providence (7)]
  4033 | D:5      | 4033 ||| READING scroll of teleportation.
  4034 | D:5      | 4034 ||| DRINKING potion of heal wounds.
  4395 | D:5      | Reached skill level 8 in Ranged Weapons
  4575 | D:5      | Found a bloodstained altar of Trog.
  4857 | D:5      | HP: 10/49 [orc priest/nerve-wracking pain (7)]
  4863 | D:5      | HP: 2/49 [orc/+0 hand axe (5)]
  5107 | D:5      | 5107 ||| UPGRADING to +1 hat.
  5112 | D:5      | 5112 ||| UPGRADING to amulet of reflection.
  5117 | D:5      | 5117 ||| READING scroll labelled DEZAMM TOIWN.
  5118 | D:5      | 5118 ||| READING 2 scrolls labelled JEIK QUALA.
  5119 | D:5      | 5119 ||| DRINKING 2 fizzy dark potions.
  5120 | D:5      | 5120 ||| READING 3 scrolls of identify.
  5120 | D:5      | 5120 ||| IDENTIFYING inky potion
  5121 | D:5      | 5121 ||| DROPPING potion of invisibility.
  5122 | D:5      | 5122 ||| DROPPING scroll of fear.
  5195 | D:6      | Reached skill level 9 in Ranged Weapons
  5314 | D:6      | Noticed Duvessa
  5318 | D:6      | Noticed Dowan
  5323 | D:6      | Reached skill level 6 in Fighting
  5324 | D:6      | HP: 12/51 [vampire mosquito (5)]
  5326 | D:6      | HP: 5/51 [vampire mosquito (6)]
  5328 | D:6      | Slain by a vampire mosquito

Levels and vault maps discovered:
D:1:      lightli_arrival_statuegarden, layout_basic, serial_glass,
          glass_columns_c, glass_columns_a,
          hellmonk_ecumenical_altar_heavens_door
D:2:      minmay_spotlight, layout_loops_corners, uniq_jessica
D:3:      layout_rooms, nicolae_overflow_squiral, lemuel_tele_altar,
          feat_on_display, uniq_terence
D:4:      layout_basic, tso_oasis_becter, cheibrodos_sewer_entry_bend
D:5:      corexii_shantytown, layout_basic, trog_three_pillars_becter,
          minmay_splitting_lines, uniq_eustachio
D:6:      layout_rooms, makhleb_heckhound_becter, uniq_duvessa

Skill      XL: |  1  2  3  4  5  6  7  8 |
---------------+-------------------------+-----
Ranged Weapons | 3 4 5 6 7 9 |  9.0
Fighting       | 2 3 4 6 |  6.1
Armour         | 1 2 |  2.1
Dodging        | 2 |  2.4
Spellcasting   | |  1.0
Hexes          | |  2.6

Action                     |  1- 3 |  4- 6 |  7- 9 || total
---------------------------+-------+-------+-------++-------
   Fire: Sling             |    92 |    77 |       ||   169
         Orcbow            |       |   223 |   281 ||   504
    Use: Scroll            |     1 |     7 |     6 ||    14
         Potion            |       |     3 |     2 ||     5
 Armour: Robe              |     8 |       |       ||     8
         Ring mail         |    27 |   106 |   125 ||   258
  Dodge: Dodged            |    47 |   153 |   169 ||   369
  Block: Other             |       |       |     7 ||     7

Table legend:
 A = Non-vault XP
 B = Vault XP
 C = Vault XP percentage of total XP
 D = Non-vault monster count
 E = Vault monster count
 F = Vault count percentage of total count
                 A         B        C        D         E       F
            +---------+---------+-------+---------+---------+-------
      Total |    1601 |     669 |  29.5 |     108 |      87 |  44.6
            +---------+---------+-------+---------+---------+-------
        D:1 |      24 |       0 |   0.0 |      13 |       0 |   0.0
        D:2 |      53 |      58 |  52.3 |      16 |       7 |  30.4
        D:3 |      50 |      36 |  41.9 |      14 |       1 |   6.7
        D:4 |     148 |     208 |  58.4 |      20 |       2 |   9.1
        D:5 |     959 |      96 |   9.1 |      34 |      33 |  49.3
        D:6 |     367 |       0 |   0.0 |      11 |       0 |   0.0
      Sewer |       0 |     271 | 100.0 |       0 |      44 | 100.0
            +---------+---------+-------+---------+---------+-------
